 Dungeon Crawl Stone Soup version 0.28-a0-1117-g0bdd5ba030 (webtiles) character file.

Game seed: 12695197296927214969

44 fragbeetle the Insei (level 3, 0/27 HPs)
             Began as a Merfolk Transmuter on Dec 11, 2021.
             Succumbed to an adder's poison
             ... on level 3 of the Dungeon.
             The game lasted 00:04:56 (2218 turns).

fragbeetle the Insei (Merfolk Transmuter)           Turns: 2218, Time: 00:04:57

Health: 0/27       AC:  2    Str: 12    XL:     3   Next: 60%
Magic:  6/6        EV: 13    Int: 12    God:
Gold:   49         SH:  0    Dex: 14    Spells: 2/6 levels left

rFire   . . .      SeeInvis .     - Unarmed
rCold   . . .      Faith    .   (no shield)
rNeg    . . .      Spirit   .   a - +0 robe
rPois   +          Reflect  .   (helmet currently unavailable)
rElec   .          Harm     .   (no cloak)
rCorr   .          Rampage  .   (no gloves)
Will    .....                   (boots currently unavailable)
Stlth   +.........              (no amulet)
HPRegen 0.09/turn               g - ring of poison resistance
MPRegen 0.10/turn               (no ring)

@: lethally poisoned (0 -> -7), appendages (expiring), hasted, very quick
A: horns 2, (nimble swimmer 2), mertail
a: End Transformation


You were on level 3 of the Dungeon.
You had temporarily grown beastly horns.
You visited 1 branch of the dungeon, and saw 3 of its levels.

You collected 49 gold pieces.

Inventory:

Armour
 a - a +0 robe (worn)
Jewellery
 c - a ring of willpower
 g - a ring of poison resistance (left hand)
Scrolls
 b - 2 scrolls of blinking {unknown}
 e - a scroll of identify {unknown}
 f - a scroll of immolation {unknown}


   Skills:
 * Level 2.1 Fighting
 * Level 3.1 Dodging
 + Level 3.7 Unarmed Combat
 + Level 2.3 Spellcasting
 * Level 3.1 Transmutations


You had 2 spell levels left.
You knew the following spells:

 Your Spells              Type           Power      Damage    Failure   Level
a - Beastly Appendage     Tmut           18%        N/A       7%          1
b - Spider Form           Tmut/Pois      5%         N/A       38%         3

Your spell library contained the following spells:

 Spells                   Type           Power      Damage    Failure   Level
 Wereblood                Tmut           9%         N/A       11%         2
 Ignite Poison            Fire/Tmut/Pois 3%         N/A       45%         3
 Conjure Flame            Conj/Fire      1%         6-21      61%         3
 Mephitic Cloud           Conj/Pois/Air  1%         N/A       61%         3
 Ice Form                 Ice/Tmut       5%         N/A       80%         4
 Sticky Flame             Conj/Fire      1%         2d3       95%         4
 Freezing Cloud           Conj/Ice/Air   0%         6-21      100%        5


Dungeon Overview and Level Annotations

Branches:
Dungeon (3/15)

Altars:

Annotations:
D:2 Sigmund


Innate Abilities, Weirdness & Mutations

You have temporarily grown beastly horns.
((You are quick and stealthy near water. (Stealth+, EV+, Speed+++)))
Your lower body shifts to a powerful aquatic tail in water.


Message History

You miss the adder. Your headbutt misses the adder.
The adder is severely wounded.
You feel sick. The adder bites you but does no damage.
The adder barely misses you.
You barely miss the adder.
The adder is severely wounded.
You feel sick. The adder closely misses you.
You closely miss the adder. Your headbutt misses the adder.
The adder is severely wounded.
You feel sick.
You are no longer poisoned.
The adder bites you.
You are poisoned.
The adder poisons you!
You barely miss the adder. Your headbutt misses the adder.
The adder is severely wounded.
You feel sick. The adder closely misses you.
You hit the adder.
The adder is almost dead.
You feel sick. The adder bites you.
* * * LOW HITPOINT WARNING * * *
You are lethally poisoned!
The adder poisons you! The adder bites you.
* * * LOW HITPOINT WARNING * * *
It was a potion of haste.
You feel yourself speed up.
* * * LOW HITPOINT WARNING * * *
You feel sick. The adder barely misses you.
You hit the adder but do no damage.
The adder is almost dead.
Your transformation is almost over.
* * * LOW HITPOINT WARNING * * *
You feel sick. The adder barely misses you.
You hit the adder but do no damage.
You headbutt the adder, but do no damage.
The adder is almost dead.
* * * LOW HITPOINT WARNING * * *
You feel sick. The adder closely misses you.
You hit the adder.
You kill the adder!
You die...

#............. .........#
#.######...... .........#
#......#.#.### .........#
#......'.....# .........#
#.[....#.#.... .........#
#............. .........#
#.............
.........###....#####...#
........@+...#'#.......##
.........###.#.#.#######
########.#####.#...#
#.....).....#
#######.##########
#..........† ############


There were no monsters in sight!

Vanquished Creatures
  An adder (D:3)
  A worm (D:2)
  5 ball pythons
  4 bats
  4 endoplasms
  3 hobgoblins
  3 jackals (D:1)
  4 quokkas
  2 frilled lizards (D:2)
  5 goblins
  A kobold (D:2)
  4 rats
37 creatures vanquished.

Notes
Turn   | Place    | Note
-------+----------+-------------------------------------------
     0 | D:1      | fragbeetle the Merfolk Transmuter began the quest for the
                  | Orb.
     0 | D:1      | Reached XP level 1. HP: 15/15 MP: 3/3
   152 | D:1      | Reached XP level 2. HP: 14/21 MP: 3/5
  1063 | D:1      | Reached XP level 3. HP: 24/27 MP: 4/6
  1227 | D:1      | Learned a level 3 spell: Spider Form
  1869 | D:2      | Noticed Sigmund
  2217 | D:3      | HP: 1/27 [poisoned by an adder]
  2218 | D:3      | Succumbed to an adder's poison

Illustrated notes

Levels and vault maps discovered:
D:1:      elethiomel_arrival_maze, layout_basic
D:2:      layout_loops_cross, st_stairs_11, nicolae_shop_unique_rings,
          minmay_joined_circles, uniq_sigmund
D:3:      layout_basic, shapermc_ecumenical_altar_mp_urbaneastern,
          chequers_serial_rivers_micro_d

Skill      XL: |  1  2  3 |
---------------+----------+-----
Dodging        | 3 |  3.1
Transmutations | 3 |  3.1
Fighting       | 2 |  2.1
Unarmed Combat | |  3.7
Spellcasting   | |  2.3

Action                   || total
-------------------------++-------
Melee: Unarmed           ||   129
       Headbutt          ||    14
       Punch             ||     1
 Cast: Beastly Appendage ||    27
  Use: Potion            ||     1
 Stab: Sleeping          ||     3
Armor: Robe              ||    29
Dodge: Dodged            ||    82

Table legend: (Time is in decaauts)
 A = Elapsed time spent in this place.
 B = Non-inter-level travel time spent in this place.
 C = Inter-level travel time spent in this place.
 D = Time resting spent in this place.
 E = Time spent auto-exploring this place.
 F = Levels seen in this place.
 G = Mean time per level.
                   A        B        C        D        E       F      G
               +--------+--------+--------+--------+--------+-----+--------+
         Total |   2208 |   2150 |     58 |    402 |   1176 |   3 |  736.0 |
       Dungeon |   2208 |   2150 |     58 |    402 |   1176 |   3 |  736.0 |
               +--------+--------+--------+--------+--------+-----+--------+

Top non-repeatable levels by time:
     D:1: 1499 daAuts
     D:2: 383 daAuts
     D:3: 325 daAuts
